Map: Odyssey LE

Players

Ozwan - Winner!

  • Race: Terran Terran
  • League: Platinum
  • Spawn Location: 5:00

Leon

  • Race: Protoss Protoss
  • League: Gold
  • Spawn Location: 11:00

VOD

Have the link to the VOD?

Description

Time

  • Played on: May 12, 2017, 5:45 p.m.
  • Length: 13:09
Show
View Real Time Build Order
Export as new Build Order

Ozwan Terran - Winner!

Build Orders: Reaper Expand, MMM Bio 

Get SALT Encoding   

  12  0:01  SCV  
  13  0:13  SCV  
  14  0:17  Supply Depot  
  14  0:25  SCV  
  15  0:39  SCV  
  15  0:40  Barracks  
  16  0:46  Refinery  
  16  0:51  SCV  
  17  1:03  SCV  
  18  1:15  SCV  
  19  1:28  Orbital Command  
  19  1:29  Reaper  
  20  1:49  Command Center  
  21  1:54  SCV  
  21  2:05  Barracks  
  21  2:11  Barracks Reactor  
  21  2:16  SCV  
  21  2:17  Supply Depot  
  22  2:28  SCV  
  23  2:36  Barracks, Refinery  
  23  2:40  SCV  
  24  2:52  SCV  
  24  2:53  Barracks Tech Lab, Marine  
  26  3:04  SCV  
  27  3:06  Orbital Command  
  27  3:15  Marine x2  
  27  3:16  Marauder  
  30  3:23  Stimpack  
  30  3:24  Barracks Tech Lab  
  30  3:26  SCV  
  30  3:31  Bunker  
  30  3:35  Engineering Bay  
  30  3:39  Supply Depot  
  30  3:40  SCV  
  31  3:43  SCV  
  31  3:44  Marine  
  31  3:47  Marine  
  34  3:52  SCV, Marine  
  34  3:53  Marine  
  37  3:56  SCV  
  38  4:05  SCV, Supply Depot  
  38  4:09  SCV  
  40  4:14  Missile Turret  
  40  4:15  Marine  
  40  4:16  Marine  
  42  4:17  SCV  
  42  4:19  Marine  
  42  4:21  SCV, Combat Shields  
  45  4:26  Terran Infantry Weapons Level 1  
  45  4:32  SCV, Missile Turret  
  45  4:35  SCV  
  45  4:37  Marine  
  46  4:57  SCV x2  
  46  4:59  Refinery  
  48  5:01  Marine  
  48  5:02  Marauder, Marine x2  
  48  5:03  Factory  
  53  5:09  SCV  
  53  5:11  SCV  
  55  5:18  Missile Turret  
  55  5:19  Marine x2  
  55  5:20  Marauder  
  55  5:21  SCV  
  60  5:24  Marauder  
  60  5:27  Refinery  
  62  5:31  Supply Depot  
  62  5:32  Supply Depot  
  62  5:41  Marine  
  62  5:42  SCV, Concussive Shells  
  64  5:47  Starport, Factory Reactor  
  64  5:54  SCV  
  65  5:57  SCV  
  65  5:59  Supply Depot  
  65  6:00  Supply Depot  
  65  6:01  Marine x2  
  65  6:02  Marauder x2  
  72  6:07  SCV  
  73  6:19  Marine x2  
  73  6:23  Marine x2  
  77  6:31  Command Center  
  77  6:36  Marine  
  77  6:37  Marine  
  78  6:40  Marine  
  78  6:41  Marauder  
  81  6:52  Supply Depot  
  81  6:53  Terran Infantry Armor Level 1  
  82  6:54  SCV, Marine x2  
  82  6:59  Marauder  
  86  7:01  Barracks  
  86  7:02  Marine  
  86  7:03  Barracks  
  86  7:07  Medivac  
  89  7:10  Medivac  
  89  7:12  Marine x2  
  93  7:16  SCV  
  93  7:20  Marine  
  95  7:23  Marine  
  95  7:28  SCV  
  97  7:30  Marine x2  
  97  7:31  Factory Reactor  
  97  7:35  SCV  
  100  7:39  Supply Depot  
  100  7:40  SCV, Supply Depot  
  104  7:44  SCV  
  104  7:48  Marine x2  
  107  7:52  SCV  
  107  7:56  Barracks Reactor, Barracks Tech Lab  
  107  7:57  Marine  
  108  7:58  Marauder  
  108  8:01  Orbital Command  
  108  8:07  SCV  
  108  8:09  Supply Depot  
  108  8:10  Supply Depot  
  109  8:16  Marauder  
  109  8:17  Marine x3  
  116  8:20  Marauder  
  116  8:22  Widow Mine  
  118  8:30  SCV x2  
  118  8:31  SCV  
  121  8:35  Marine x2  
  121  8:36  Marauder, Marine  
  126  8:41  Marine  
  126  8:42  Marine  
  126  8:45  Marine  
  123  8:58  Marine  
  123  9:01  Marine x2  
  123  9:02  Marine  
  115  9:08  Marine x2  
  115  9:09  Marine  
  118  9:10  Medivac x2  
  118  9:11  SCV  
  118  9:15  Refinery  
  118  9:16  Refinery, Marine  
  124  9:25  Starport, Armory  
  124  9:26  Marine x2  
  124  9:27  Marauder  
  124  9:28  SCV  
  124  9:30  Engineering Bay  
  129  9:32  Marine x2  
  131  9:39  SCV  
  131  9:40  Medivac  
  131  9:41  Marine x2  
  136  9:46  Marine x2  
  136  9:48  SCV, Marauder  
  136  9:50  Marine  
  136  9:51  Marauder  
  136  9:52  SCV  
  145  9:53  SCV  
  135  10:00  SCV, Marauder  
  135  10:04  SCV  
  122  10:08  Marine x2  
  122  10:09  Marauder  
  119  10:18  Liberator  
  119  10:19  Liberator  
  119  10:20  Marine  
  115  10:26  Marine  
  115  10:27  Marauder x2, Marine x2  
  86  10:30  Marine  
  77  10:38  Marine  
  81  10:44  Liberator x2, Marine x2  
  81  10:45  Marine  
  81  10:49  Marauder x3  
  90  10:56  Marine  
  90  11:01  Liberator x2  
  90  11:02  Marine  
  96  11:04  Marine  
  96  11:08  SCV x3  
  96  11:10  Marauder  
  95  11:20  SCV x3  
  99  11:40  Marine  
  99  11:44  Marine x5  
  105  11:48  Marine  
  105  11:49  SCV  
  105  11:51  SCV x2  
  109  11:58  Marine  
  109  12:01  SCV  
  111  12:02  Marine  
  111  12:03  SCV x2, Marauder  
  116  12:13  SCV  
  116  12:15  SCV  
  118  12:18  Marine  
  118  12:19  Marauder, Marine x3  
  118  12:20  Marauder  
  126  12:25  Marine  
Show
View Real Time Build Order
Export as new Build Order

Leon Protoss 

Build Orders: Colossus Rush 

Get SALT Encoding   

  12  0:02  Probe (Chrono Boost)  
  13  0:13  Probe (Chrono Boost)  
  14  0:25  Pylon  
  14  0:30  Probe (Chrono Boost)  
  15  0:43  Probe (Chrono Boost)  
  16  0:50  Gateway x2  
  16  1:04  Assimilator  
  16  1:10  Assimilator  
  17  1:11  Probe (Chrono Boost)  
  17  1:21  Probe (Chrono Boost)  
  18  1:32  Probe (Chrono Boost)  
  19  1:43  Probe (Chrono Boost)  
  19  1:46  Pylon  
  20  1:51  Cybernetics Core  
  20  1:54  Probe (Chrono Boost)  
  21  2:11  Nexus  
  23  2:30  Mothership Core (Chrono Boost)  
  23  2:31  Adept x2  
  27  2:50  Pylon  
  27  2:51  Pylon  
  27  3:00  Pylon  
  27  3:25  Probe (Chrono Boost)  
  28  3:30  Warp Gate  
  28  3:31  Probe (Chrono Boost)  
  29  3:36  Robotics Facility, Probe (Chrono Boost)  
  31  3:42  Adept x2, Probe (Chrono Boost)  
  31  3:47  Probe (Chrono Boost)  
  36  3:54  Probe (Chrono Boost)  
  37  3:57  Probe (Chrono Boost)  
  38  4:06  Probe (Chrono Boost)  
  38  4:08  Probe (Chrono Boost)  
  41  4:18  Probe (Chrono Boost)  
  41  4:20  Adept x2  
  43  4:49  Probe (Chrono Boost)  
  43  4:51  Probe (Chrono Boost)  
  43  4:54  Robotics Bay  
  43  5:03  Gateway  
  43  5:05  Gateway  
  43  5:08  Pylon  
  43  5:12  Probe (Chrono Boost)  
  49  5:14  Probe (Chrono Boost)  
  49  5:29  Extended Thermal Lance  
  45  5:45  Colossus  
  45  5:48  Adept  
  45  5:49  Adept  
  55  6:00  Assimilator  
  55  6:03  Assimilator  
  55  6:13  Probe (Chrono Boost)  
  55  6:14  Probe (Chrono Boost)  
  55  6:15  Adept x3  
  55  6:16  Adept  
  65  6:30  Probe (Chrono Boost)  
  65  6:31  Probe (Chrono Boost)  
  67  6:45  Adept x2  
  67  6:46  Adept x2  
  75  7:06  Pylon  
  75  7:08  Pylon  
  75  7:10  Pylon  
  75  7:11  Sentry  
  77  7:24  Colossus  
  77  7:25  Adept  
  77  7:26  Adept x2  
  89  7:48  Adept x2  
  89  7:49  Adept x2  
  97  7:57  Probe (Chrono Boost)  
  99  7:58  Probe (Chrono Boost)  
  99  8:10  Probe (Chrono Boost)  
  100  8:19  Adept  
  78  9:31  Nexus  
  78  9:35  Pylon  
  78  9:36  Pylon  
  78  9:38  Pylon  
  78  9:50  Nexus  
  78  9:56  Colossus  
  56  10:49  Colossus  
  60  11:31  Adept x4  
  62  11:37  Probe x2 (Chrono Boost)  
  62  11:39  Probe (Chrono Boost)  
  57  11:43  Colossus  
  61  11:48  Probe x2 (Chrono Boost)  
  61  11:51  Probe (Chrono Boost)  
  64  11:59  Probe x2 (Chrono Boost)  
  67  12:03  Probe (Chrono Boost)  
  67  12:07  Stalker x2  
  53  12:50  Stalker x2  
  53  12:51  Stalker  
Tags
 
Composition
MMM Bio
Matchup
PvT
Spawn Locations
Cross Positions
Add a new tag
Caveats
  • Supply blocks, unpowered buildings, or Contaminate may cause inaccurate times.
  • Supply counts are checked every 10 seconds.